 Dungeon Sprint DCSS version 0.30-a0-939-gc8157cb160 (webtiles) character file.

Game seed: 5340712553998935944

25242 fozzywoppz the Warrior (level 12, -21/117 HPs)
             Began as a Demonspawn Berserker on Mar 25, 2023.
             Was the Champion of Trog.
             Killed from afar by Azrael (35 damage)
             ... with damnation
             ... in the Dungeon (Sprint IX: "|||||||||||||||||||||||||||||").
             The game lasted 00:14:43 (2047 turns).

fozzywoppz the Warrior (Demonspawn Berserker)       Turns: 2047, Time: 00:14:43

Health: -21/117    AC: 28    Str: 25    XL:     12   Next: 87%
Magic:  12/12      EV: 18    Int:  8    God:    Trog [******]
Gold:   1432       SH:  0    Dex: 14    Spells: 11/11 levels left

rFire   . . .      SeeInvis .    o - +4 dire flail (protect)
rCold   . . .      Faith    .    (shield currently unavailable)
rNeg    + . .      Spirit   .    A - +0 chain mail of Paoq {+Blink rN+ rCorr}
rPois   .          Reflect  .    x - +2 hat {Will+}
rElec   .          Rampage  .    B - +1 cloak
rCorr   +          NoTele   +    s - +0 pair of gloves
Will    +++..                    r - +0 pair of boots Stlth
                                 (no amulet)
HPRegen 1.39/turn                k - +2 ring of evasion
MPRegen 0.13/turn                l - +3 ring of strength

@: strong-willed, under a protective aura, regenerating
A: antennae 1, foul stench 1, sharp scales 2, condensation shield
a: Renounce Religion, Evoke Blink, Berserk, Trog's Hand, Brothers in Arms


You were in the Dungeon.
You worshipped Trog.
Trog was exalted by your worship.
You visited 1 branch You collected 1772 gold pieces.
You spent 340 gold pieces at shops.

Inventory:

Hand Weapons
 b - a +1 heavy broad axe
 j - a +4 executioner's axe of flaming
 o - a +4 dire flail of protection (weapon)
 C - a +1 great mace of venom
Armour
 r - a +0 pair of boots (worn)
 s - a +0 pair of gloves (worn)
 u - a +1 buckler of reflection
 x - a +2 hat of willpower (worn)
 A - the +0 chain mail of Paoq (worn) {+Blink rN+ rCorr}
   (You found it in the Dungeon)

   rN:        It protects you from negative energy.
   +Blink:    It lets you blink.
   rCorr:     It protects you from acid and corrosion.
 B - a +1 cloak (worn)
Jewellery
 k - a +2 ring of evasion (left hand)
 l - a +3 ring of strength (right hand)
 m - a ring of willpower
 n - a ring of ice
 y - a ring of protection from fire
 z - a ring of poison resistance
Scrolls
 h - 4 scrolls of blinking
 p - 5 scrolls of identify
 q - 3 scrolls of fear
 t - 2 scrolls of enchant armour
 w - a scroll of fog
Potions
 a - 3 potions of might
 c - 11 potions of curing
 d - 4 potions of heal wounds
 e - 3 potions of haste
 f - 4 potions of magic
 g - 4 potions of berserk rage
 i - a potion of invisibility


   Skills:
 + Level 18.7 Fighting
 + Level 8.6(13.3) Axes
 - Level 16.0(16.7) Maces & Flails
 + Level 10.0 Armour
 + Level 17.5 Dodging


You had 11 spell levels left.
You didn't know any spells.
Your spell library was empty.

Dungeon Overview and Level Annotations

Branches:
Dungeon (1/1)

Altars:
Cheibriados
Dithmenos
Fedhas
Gozag
Hepliaklqana
Kikubaaqudgha
Makhleb
Nemelex Xobeh
Okawaru
Qazlal
Ru
Sif Muna
Trog
Uskayaw
Vehumet
Wu Jian
Xom
Yredelemnul
Jiyva
Lugonu

Shops:
D !?((

Annotations:
D Azrael


Innate Abilities, Weirdness & Mutations

You have a pair of small antennae on your head.
You may rarely emit foul miasma when damaged in melee.
You are mostly covered in razor-sharp scales. (AC +2, Slay +2)
A meltable shield of frost defends you. (SH +0)


Message History

You closely miss the hell hound.
The hell hound is moderately wounded.
The hell hound bites you.
* * * LOW HITPOINT WARNING * * *
The hell hound bites you.
* * * LOW HITPOINT WARNING * * *
Unknown command.
You feel much better. The hell hound barely misses you.
Okay, then.
Okay, then.
Your +4 executioner's axe of flaming stops flaming.
Your +4 dire flail of protection hums with potential!
o - a +4 dire flail of protection (weapon)
The hell hound bites you but does no damage.
The hell hound breathes flames at you.
The blast of flame hits the fire elemental.
The fire elemental completely resists.
The blast of flame hits Azrael.
Azrael completely resists.
The blast of flame hits the hell hound.
The hell hound completely resists.
The blast of flame hits you!
You hit the hell hound.
Your weapon exudes an aura of protection.
The hell hound is heavily wounded.
The hell hound breathes flames at you. The blast of flame hits you!!
* * * LOW HITPOINT WARNING * * *
Azrael gestures at you.
The bolt of fire hits the hell hound.
The hell hound completely resists.
The bolt of fire misses you.
Okay, then.
Your skin crawls.
You feel strong-willed.
The hell hound bites you but does no damage.
The hell hound completely misses you.
Unknown command.
Your cyclops goes berserk!
The hell hound bites you but does no damage.
Azrael howls in rage.
Azrael gestures at you.
The sphere of damnation explodes!
The damnation engulfs you!!
You die...

▓............................
▓▓▓▓▓▓▓▓▓▓▓▓▓▓▓▓▓▓▓▓▓▓▓▓▓▓▓▓▓
▓.........'....)∩.∩.∩)∩)))))'
▓.▓▓▓▓▓▓▓▓▓▓▓▓▓▓▓▓▓▓▓▓▓▓▓▓▓▓▓
▓............................
▓▓▓▓▓▓▓▓▓▓▓▓▓▓▓▓▓▓▓▓▓▓▓▓▓▓▓▓▓
▓.........'.....)((...)()()).
▓.▓▓▓▓▓▓▓▓▓▓▓▓▓▓▓▓▓▓▓▓▓▓▓▓▓▓▓
▓..........C@hREh...○○{{{
▓▓▓▓▓▓▓▓▓▓▓▓▓▓▓▓▓▓▓▓▓ {{


You could see Azrael, a fire elemental, 2 hell hounds and a friendly cyclops
(summoned, berserk).

Vanquished Creatures
  Gastronok (D)
  A fire giant (D)
  4 stone giants (D)
  3 hydras (D)
  2 centaur warriors (D)
  A deep troll shaman (D)
  An orc high priest (D)
  3 orc knights (D)
  A necromancer (D)
  A deep elf pyromancer (D)
  A manticore (D)
  4 orc sorcerers (D)
  2 black mambas (D)
  A gargoyle (D)
  A cane toad (shapeshifter) (D)
  5 cane toads (D)
  A komodo dragon (D)
  A kobold demonologist (D)
  3 tyrant leeches (D)
  3 blink frogs (D)
  A wyvern (D)
  A wraith (D)
  A fire elemental (D)
  5 yaks (D)
  2 basilisks (D)
  3 water moccasins (D)
  A hell hound (D)
  6 orc warriors (D)
  A black bear (D)
  A centaur (D)
  2 hounds (D)
  2 orc priests (D)
  A sleepcap (D)
  3 orc wizards (D)
  A hell rat (D)
  An adder (D)
  A dart slug (D)
  11 orcs (D)
  A ball python (D)
  An endoplasm (D)
  A goblin (D)
  A quokka (D)
  A kobold (D)
89 creatures vanquished.

Vanquished Creatures (collateral kills)
  A fire dragon (D)
  A rakshasa (D)
  3 ugly things (D)
  3 orc knights (D)
  A cyclops (D)
  5 orc warriors (D)
14 creatures vanquished.

Vanquished Creatures (others)
  A cyclops (D)
1 creature vanquished.

Grand Total: 104 creatures vanquished

Notes
Turn   | Place    | Note
-------+----------+-------------------------------------------
     0 | D        | fozzywoppz the Demonspawn Berserker began the quest for the
                  | Orb.
     0 | D        | Reached XP level 1. HP: 18/18 MP: 1/1
     9 | D        | Reached ** piety under Trog
    90 | D        | Noticed a hound
    90 | D        | Noticed a sleepcap
    90 | D        | Noticed a hound
    95 | D        | Gained mutation: A meltable shield of frost defends you.
                  | (SH +0) [demonic ancestry]
    95 | D        | Reached XP level 2. HP: 24/24 MP: 2/2
    96 | D        | Reached *** piety under Trog
   100 | D        | Reached skill level 4 in Fighting
   100 | D        | Gained mutation: You may rarely emit foul miasma when
                  | damaged in melee. [demonic ancestry]
   100 | D        | Reached XP level 3. HP: 31/31 MP: 3/3
   106 | D        | Reached skill level 5 in Fighting
   106 | D        | Reached XP level 4. HP: 39/39 MP: 4/4
   138 | D        | Found a snail-covered altar of Cheibriados.
   138 | D        | Found a shadowy altar of Dithmenos.
   138 | D        | Found a blossoming altar of Fedhas.
   138 | D        | Found an opulent altar of Gozag.
   139 | D        | Found a hazy altar of Hepliaklqana.
   140 | D        | Found a viscous altar of Jiyva.
   141 | D        | Found an ancient bone altar of Kikubaaqudgha.
   142 | D        | Found a corrupted altar of Lugonu.
   143 | D        | Found a burning altar of Makhleb.
   144 | D        | Found a sparkling altar of Nemelex Xobeh.
   145 | D        | Found an iron altar of Okawaru.
   146 | D        | Found a stormy altar of Qazlal.
   147 | D        | Found a sacrificial altar of Ru.
   148 | D        | Found a shimmering blue altar of Sif Muna.
   149 | D        | Found a bloodstained altar of Trog.
   150 | D        | Found a hide-covered altar of Uskayaw.
   151 | D        | Found a radiant altar of Vehumet.
   152 | D        | Found an ornate altar of the Wu Jian Council.
   153 | D        | Found a shimmering altar of Xom.
   154 | D        | Found a basalt altar of Yredelemnul.
   234 | D        | Noticed a kobold demonologist
   234 | D        | Noticed an orc warrior
   234 | D        | Noticed a centaur
   234 | D        | Noticed a komodo dragon
   234 | D        | Noticed a gargoyle
   234 | D        | Noticed a yak
   238 | D        | Killed a yak
   239 | D        | Reached skill level 6 in Fighting
   239 | D        | Reached skill level 5 in Armour
   239 | D        | Reached skill level 5 in Dodging
   239 | D        | Gained mutation: You have a pair of small antennae on your
                  | head. [demonic ancestry]
   239 | D        | Reached XP level 5. HP: 40/47 MP: 5/5
   246 | D        | Noticed a chaos spawn
   248 | D        | Killed a gargoyle
   248 | D        | Reached **** piety under Trog
   249 | D        | Reached skill level 8 in Fighting
   249 | D        | Reached XP level 6. HP: 57/57 MP: 6/6
   249 | D        | Gained mutation: You are partially covered in razor-sharp
                  | scales. (AC +1, Slay +1) [demonic ancestry]
   249 | D        | Reached XP level 7. HP: 63/63 MP: 7/7
   254 | D        | Killed a komodo dragon
   255 | D        | Reached skill level 9 in Fighting
   268 | D        | Reached skill level 10 in Fighting
   274 | D        | Noticed a chaos spawn
   279 | D        | Noticed a hellwing
   286 | D        | Killed a kobold demonologist
   286 | D        | Reached ***** piety under Trog
   287 | D        | Reached skill level 10 in Maces & Flails
   287 | D        | Reached XP level 8. HP: 50/72 MP: 8/8
   308 | D        | Noticed a five-headed hydra
   308 | D        | Noticed a cane toad
   308 | D        | Noticed a manticore
   308 | D        | Noticed a centaur warrior
   321 | D        | Reached skill level 10 in Dodging
   326 | D        | Killed a centaur warrior
   327 | D        | Reached skill level 11 in Fighting
   327 | D        | Gained mutation: You are mostly covered in razor-sharp
                  | scales. (AC +2, Slay +2) [demonic ancestry]
   327 | D        | Reached XP level 9. HP: 70/81 MP: 9/9
   330 | D        | Killed a manticore
   330 | D        | Killed a cane toad
   331 | D        | Reached skill level 12 in Fighting
   333 | D        | Killed a five-headed hydra
   451 | D        | Noticed a cane toad
   456 | D        | Identified the +0 glaive of Divine Vengeance {heavy, rC+
                  | Dex+2 SInv Stlth+} (Trog gifted it to you in the Dungeon)
   456 | D        | Received a gift from Trog
   457 | D        | Noticed a cane toad
   464 | D        | Reached skill level 13 in Fighting
   465 | D        | Reached XP level 10. HP: 92/92 MP: 10/10
   473 | D        | Killed a cane toad
   480 | D        | Killed a cane toad
   480 | D        | Reached ****** piety under Trog
   491 | D        | Received a gift from Trog
   530 | D        | Noticed a black mamba
   530 | D        | Noticed a black mamba
   530 | D        | Noticed a four-headed hydra
   532 | D        | Noticed a seven-headed hydra
   536 | D        | Killed a four-headed hydra
   542 | D        | Reached skill level 14 in Fighting
   549 | D        | Killed a black mamba
   553 | D        | Noticed a cane toad
   556 | D        | Killed a seven-headed hydra
   717 | D        | Killed a black mamba
   717 | D        | Identified the +1 great mace of the Spectre {heavy, rPois
                  | Str-2 Int-2 Stlth+} (Trog gifted it to you in the Dungeon)
   717 | D        | Received a gift from Trog
   749 | D        | Killed a cane toad
   844 | D        | Noticed a cane toad
   844 | D        | Noticed a cane toad
   854 | D        | Killed a cane toad
   855 | D        | Reached skill level 15 in Fighting
   855 | D        | Reached XP level 11. HP: 99/102 MP: 11/11
   875 | D        | Identified the +7 short sword of Musch {flame, Fragile
                  | rElec Dex+2} (Trog gifted it to you in the Dungeon)
   875 | D        | Received a gift from Trog
   886 | D        | Reached skill level 15 in Maces & Flails
  1033 | D        | Noticed a stone giant
  1045 | D        | Killed a stone giant
  1056 | D        | Reached skill level 15 in Dodging
  1065 | D        | Received a gift from Trog
  1084 | D        | Received a gift from Trog
  1131 | D        | Noticed an orc knight
  1131 | D        | Noticed an orc knight
  1131 | D        | Noticed an orc knight
  1142 | D        | Killed an orc knight
  1143 | D        | Reached skill level 16 in Fighting
  1154 | D        | Killed an orc knight
  1158 | D        | Killed an orc knight
  1161 | D        | Received a gift from Trog
  1164 | D        | Noticed an orc knight
  1166 | D        | Killed an orc knight
  1200 | D        | Identified the +8 glaive "Hicifymo" {flame, Fly rElec Dex+2
                  | Stlth+} (Trog gifted it to you in the Dungeon)
  1200 | D        | Received a gift from Trog
  1321 | D        | Found Arogaecs's Weapon Boutique.
  1321 | D        | Noticed an orc knight
  1321 | D        | Noticed an orc sorcerer
  1321 | D        | Noticed an orc sorcerer
  1321 | D        | Noticed an orc high priest
  1326 | D        | Killed an orc high priest
  1327 | D        | Reached skill level 1 in Axes
  1328 | D        | Found Tace's Antique Weapon Shop.
  1336 | D        | Killed an orc sorcerer
  1339 | D        | Killed an orc sorcerer
  1340 | D        | Found Hayrha Ceipp's Magic Scroll Boutique.
  1346 | D        | Noticed an orc sorcerer
  1348 | D        | Killed an orc knight
  1348 | D        | Received a gift from Trog
  1352 | D        | Found Moel Isi's Distillery.
  1362 | D        | Killed an orc sorcerer
  1366 | D        | Noticed an orc sorcerer
  1368 | D        | Noticed an orc knight
  1371 | D        | Killed an orc sorcerer
  1371 | D        | Received a gift from Trog
  1372 | D        | Reached skill level 17 in Fighting
  1372 | D        | Reached XP level 12. HP: 104/114 MP: 12/12
  1419 | D        | Bought a scroll of fog for 48 gold pieces
  1419 | D        | Bought a scroll of fear for 48 gold pieces
  1419 | D        | Bought a scroll of blinking for 90 gold pieces
  1421 | D        | Bought a potion of haste for 110 gold pieces
  1421 | D        | Bought a potion of might for 44 gold pieces
  1461 | D        | Noticed Gastronok
  1476 | D        | Killed Gastronok
  1583 | D        | Got the +0 chain mail of Paoq {+Blink rN+ rCorr}
  1706 | D        | Noticed a centaur warrior
  1713 | D        | Noticed a rakshasa
  1714 | D        | Killed a centaur warrior
  1715 | D        | Reached skill level 5 in Axes
  1721 | D        | Noticed a fire dragon
  1726 | D        | Received a gift from Trog
  1739 | D        | Killed a rakshasa
  1743 | D        | Killed a fire dragon
  1743 | D        | Received a gift from Trog
  1746 | D        | Noticed a stone giant
  1747 | D        | Noticed a stone giant
  1748 | D        | Noticed a deep troll shaman
  1749 | D        | Noticed a fire giant
  1750 | D        | Noticed a stone giant
  1759 | D        | Killed a stone giant
  1760 | D        | Reached skill level 18 in Fighting
  1769 | D        | Killed a stone giant
  1770 | D        | Reached skill level 10 in Armour
  1777 | D        | Killed a deep troll shaman
  1783 | D        | Killed a fire giant
  1795 | D        | Killed a stone giant
  1804 | D        | Received a gift from Trog
  2026 | D        | Noticed Azrael
  2047 | D        | Killed from afar by Azrael

Illustrated notes

Levels and vault maps discovered:
D:        linesprint [early_d, line_temple, items_1, d_10, items_2, lair_1,
          lair_end, items_3, orc_1, orc_end, items_4, d_15, swamp_1, shoals_1,
          snake_1, spider_1, d_20, vaults_1, items_5, swamp_end, shoals_end,
          snake_end, spider_end, vaults_end, d_27, items_6, zot_1, zot_end,
          crypt_end, forest_end, elf_end, slime_end, tomb_end, abyss_end,
          pan_hell_end]

Skill      XL: |  1  2  3  4  5  6  7  8  9 10 11 12 |
---------------+-------------------------------------+-----
Maces & Flails | 3 4 6 8 10 11 12 14 16 | 16.0
Armour         | 2 3 4 5 7 10 | 10.0
Dodging        | 2 3 4 5 7 9 10 12 14 16 17 | 17.5
Fighting       | 4 5 6 8 10 11 13 15 17 18 | 18.7
Axes           | 3 8 |  8.6

Action                     |  1- 3 |  4- 6 |  7- 9 | 10-12 || total
---------------------------+-------+-------+-------+-------++-------
  Melee: Mace              |    25 |     3 |       |       ||    28
         Dire flail        |       |    13 |    63 |   298 ||   374
         Executioner's axe |       |       |       |    15 ||    15
 Invoke: Trog's Hand       |     1 |     1 |     3 |     6 ||    11
         Berserk           |     1 |       |       |     1 ||     2
         Brothers in Arms  |       |       |       |     3 ||     3
  Evoke: Wand              |       |       |     4 |     6 ||    10
    Use: Potion            |       |     1 |       |     1 ||     2
         Scroll            |       |       |     2 |       ||     2
 Armour: Animal skin       |     3 |       |       |       ||     3
         Ring mail         |       |     3 |    17 |    34 ||    54
         Chain mail        |       |       |       |    34 ||    34
  Dodge: Dodged            |     5 |     3 |    30 |   148 ||   186
  Block: Other             |     1 |     5 |     9 |    19 ||    34

Table legend: (Time is in decaauts)
 A = Elapsed time spent in this place.
 B = Non-inter-level travel time spent in this place.
 C = Inter-level travel time spent in this place.
 D = Time resting spent in this place.
 E = Time spent auto-exploring this place.
 F = Levels seen in this place.
 G = Mean time per level.
                   A        B        C        D        E       F      G
               +--------+--------+--------+--------+--------+-----+--------+
         Total |   1924 |   1924 |      0 |    636 |     65 |   1 | 1924.0 |
       Dungeon |   1924 |   1924 |      0 |    636 |     65 |   1 | 1924.0 |
               +--------+--------+--------+--------+--------+-----+--------+

Top non-repeatable levels by time:
       D: 1924 daAuts
